 Dungeon Crawl Stone Soup version 0.31-a0-232-gb1c03b2570 (webtiles) character file.

Game seed: 7726978699359587089

102 qw the Shooter (level 4, -2/36 HPs)
             Began as a Minotaur Hexslinger on July 7, 2023.
             Slain by a goblin
             ... wielding a +0 club
             ... led by Robin
              (5 damage)
             ... on level 2 of the Dungeon.
             The game lasted 00:00:29 (1301 turns).

qw the Shooter (Minotaur Hexslinger)                Turns: 1301, Time: 00:00:30

Health: -2/36      AC:  6    Str: 12    XL:     4   Next: 50%
Magic:  4/4        EV: 16    Int: 10    God:
Gold:   68         SH:  0    Dex: 15    Spells: 4/5 levels left

rFire   . . .        Y - +1 sling
rCold   + . .        (no shield)
rNeg    . . .        i - +1 ring mail {rC+}
rPois   .            (helmet restricted)
rElec   .            (no cloak)
rCorr   .            (no gloves)
SInv    .            (no boots)
Will    .....        (no amulet)
Stlth   +            g - +5 ring of evasion
HPRegen 0.26/turn    (no ring)
MPRegen 0.09/turn

%: no passive effects
@: no status effects
A: horns 2, retaliatory headbutt
a: no special abilities


You were on level 2 of the Dungeon.
You visited 1 branch of the dungeon, and saw 2 of its levels.

You collected 68 gold pieces.


Innate Abilities, Weirdness & Mutations

You have a pair of horns on your head.
You reflexively headbutt those who attack you in melee.


   Skills:
 - Level 2.1 Fighting
 + Level 4.4 Ranged Weapons
 - Level 2.3 Armour
 - Level 2.1 Dodging
 - Level 1.0 Spellcasting
 - Level 2.0 Hexes


You had 4 spell levels left.
You knew the following spells:

 Your Spells              Type           Power      Damage    Failure   Level
a - Slow                  Hex            16%        N/A       32%         1

Your spell library contained the following spells:

 Spells                   Type           Power      Damage    Failure   Level
 Inner Flame              Hex/Fire       2%         N/A       83%         3
 Portal Projectile        Hex/Tloc       4%         N/A       83%         3
 Cause Fear               Hex            2%         N/A       97%         4

Inventory:

Hand Weapons
 Y - a +1 sling (weapon)
Armour
 i - a +1 ring mail of cold resistance (worn)
Jewellery
 g - a +5 ring of evasion (left hand)
Potions
 d - a potion of magic {unknown}
 f - a potion of might {unknown}
 h - a potion of heal wounds {unknown}

Dungeon Overview and Level Annotations

Branches:
Dungeon (2/15)

Altars:

Annotations:
D:2 Robin


Message History

Robin throws the goblin at you! The goblin hits you but does no damage.
The hobgoblin misses you. The goblin hits you with a +0 club.
The goblin misses you. You furiously retaliate!
You headbutt the goblin!
You kill the goblin!
The goblin completely misses you. The goblin barely misses you.
You furiously retaliate!
You headbutt the goblin!
You kill the goblin!
The hobgoblin barely misses you.
You shoot a sling bullet.
The sling bullet barely misses the hobgoblin.
The goblin closely misses you. The hobgoblin completely misses you.
The endoplasm completely misses you.
You shoot a sling bullet.
The sling bullet closely misses the hobgoblin.
The goblin barely misses you. The hobgoblin barely misses you.
The endoplasm freezes you.
You are frozen.
You resist.
You shoot a sling bullet.
The sling bullet barely misses the hobgoblin.
Robin throws the goblin at you! The goblin barely misses you.
The hobgoblin misses you. The endoplasm completely misses you.
The goblin barely misses you.
You shoot a sling bullet. The sling bullet hits the hobgoblin.
You kill the hobgoblin!
The hobgoblin no longer looks unusually strong.
The goblin no longer looks unusually strong.
Robin roars a battlecry!
The goblins go into a battle-frenzy!
The endoplasm freezes you.
You are frozen.
You resist. The goblin misses you. The goblin barely misses you.
You furiously retaliate!
You headbutt the goblin.
The endoplasm hits you but does no damage.
The goblin hits you with a +0 club. The hobgoblin closely misses you.
The goblin closely misses you.
You shoot a sling bullet. The sling bullet hits the goblin.
You kill the goblin!
The endoplasm freezes you.
You are frozen.
You resist. The hobgoblin misses you. The goblin hits you with a +0 club.
You die...

#.######.#
#.### #.#
#.#####.# #
####'##
#.......###
#.....#
#####....##
#.....#
#.....#
#.....#
#....).
####.##
#....## #)#
#....## #@#
#....##
#gJgg...#
###.###
##g.##.##
#.... ....
#..## #....
#>.##
#.....
#..##
#......
#....
#.......
#.... #####


You could see Robin, an endoplasm, 2 hobgoblins and a goblin (strong).

Vanquished Creatures
  A hound (D:2)
  An adder (D:2)
  A gnoll (D:1)
  A worm (D:2)
  2 ball pythons
  3 bats
  3 endoplasms
  A giant cockroach (D:2)
  16 goblins
  3 hobgoblins
  2 jackals (D:1)
  2 quokkas (D:1)
  7 kobolds
  2 rats
45 creatures vanquished.

Notes
Turn   | Place    | Note
-------+----------+-------------------------------------------
     0 | D:1      | qw the Minotaur Hexslinger began the quest for the Orb.
     0 | D:1      | Reached XP level 1. HP: 16/16 MP: 1/1
     0 | D:1      | 0 ||| qw: Version: 0.3-a-46-gb1f654a
     0 | D:1      | 0 ||| qw: Game counter: 2177
     0 | D:1      | 0 ||| qw: Melee chars always use a shield: true
     0 | D:1      | 0 ||| qw: God list: Okawaru
     0 | D:1      | 0 ||| qw: Allow faded altars: false
     0 | D:1      | 0 ||| qw: Do Orc after clearing Dungeon:15 true
     0 | D:1      | 0 ||| qw: Do second Lair branch before Depths: true
     0 | D:1      | 0 ||| qw: Lair rune preference: random
     0 | D:1      | 0 ||| qw: Goals: Normal
     0 | D:1      | 0 ||| PLANNING D:1-11
   183 | D:1      | Reached skill level 3 in Ranged Weapons
   230 | D:1      | Reached XP level 2. HP: 24/24 MP: 2/2
   597 | D:1      | Reached XP level 3. HP: 29/29 MP: 3/3
   721 | D:1      | Found a faded altar of an unknown god.
   791 | D:1      | 791 ||| UPGRADING to +1 ring mail of cold resistance.
   801 | D:1      | 801 ||| DROPPING +0 robe.
   802 | D:1      | 802 ||| UPGRADING to +5 ring of evasion.
   803 | D:1      | 803 ||| READING scroll labelled HEWY OTUAPH.
   804 | D:1      | 804 ||| READING scroll labelled NEM OMIBYOZ.
   805 | D:1      | 805 ||| DROPPING scroll of poison.
  1044 | D:2      | Reached skill level 4 in Ranged Weapons
  1138 | D:2      | Reached XP level 4. HP: 36/36 MP: 4/4
  1288 | D:2      | Noticed Robin
  1296 | D:2      | HP: 9/36 [goblin/+0 club[Robin] (5)]
  1300 | D:2      | HP: 3/36 [goblin/+0 club[Robin] (5)]
  1301 | D:2      | Slain by a goblin

Levels and vault maps discovered:
D:1:      lightli_iron_boxes, layout_loops_corners,
          chequers_ecumenical_altar_lobes
D:2:      layout_basic, nicolae_houndstooth_variations, uniq_robin

Skill      XL: |  1  2  3 |
---------------+----------+-----
Ranged Weapons | 3 4 |  4.4
Fighting       | 2 |  2.1
Armour         | 2 |  2.3
Dodging        | |  2.1
Spellcasting   | |  1.0
Hexes          | |  2.0

Action                     |  1- 3 |  4- 6 || total
---------------------------+-------+-------++-------
   Fire: Sling             |    78 |    47 ||   125
    Use: Scroll            |     2 |       ||     2
 Armour: Robe              |     2 |       ||     2
         Ring mail         |     5 |    13 ||    18
  Dodge: Dodged            |    20 |    51 ||    71

Table legend:
 A = Non-vault XP
 B = Vault XP
 C = Vault XP percentage of total XP
 D = Non-vault monster count
 E = Vault monster count
 F = Vault count percentage of total count
                 A         B        C        D         E       F
            +---------+---------+-------+---------+---------+-------
      Total |     132 |      17 |  11.4 |      36 |       9 |  20.0
            +---------+---------+-------+---------+---------+-------
        D:1 |      49 |       0 |   0.0 |      21 |       0 |   0.0
        D:2 |      83 |      17 |  17.0 |      15 |       9 |  37.5
            +---------+---------+-------+---------+---------+-------
